 Dungeon Crawl Stone Soup version 0.22-a0-322-g60b3cfd (webtiles) character file.

115 xccam the Summoner (level 5, 0/37 HPs)
             Began as a Gnoll Wanderer on Apr 4, 2018.
             Slain by an iguana (10 damage)
             ... on level 3 of the Dungeon.
             The game lasted 00:06:04 (2419 turns).

xccam the Summoner (Gnoll Wanderer)                 Turns: 2419, Time: 00:06:05

Health: 0/37       AC:  4    Str: 16    XL:     5   Next: 0%
Magic:  10/12      EV: 11    Int: 14    God:
Gold:   63         SH:  4    Dex: 14    Spells: 8/14 levels left

rFire    . . .     SeeInvis .   j - +0 hand axe
rCold    . . .     Gourm    .   r - +0 buckler
rNeg     . . .     Faith    .   d - +0 robe
rPois    .         Spirit   .   (no helmet)
rElec    .         Reflect  .   (no cloak)
rCorr    .         Harm     .   i - +0 pair of gloves
MR       .....                  o - +0 pair of boots
Stlth    ++........             m - amulet of regeneration
HPRegen  0.52/turn              (no ring)
MPRegen  0.13/turn              (no ring)

@: no status effects
A: distributed training, fangs 1, strong nose
a: no special abilities


You were on level 3 of the Dungeon.
You were hungry.

You visited 1 branch of the dungeon, and saw 3 of its levels.

You collected 63 gold pieces.

Inventory:

Hand Weapons
 j - a +0 hand axe (weapon)
Missiles
 k - 4 tomahawks (quivered)
Armour
 d - a +0 robe (worn)
 i - a +0 pair of gloves (worn)
 o - a +0 pair of boots (worn)
 q - a +0 chain mail
 r - a +0 buckler (worn)
Jewellery
 m - an amulet of regeneration (around neck)
 t - an uncursed ring of see invisible {unknown}
Scrolls
 a - 3 scrolls of identify {unknown}
 b - a scroll of noise {unknown}
 e - a scroll of amnesia {unknown}
 g - a scroll of fog {unknown}
 h - 3 scrolls of teleportation {unknown}
 l - a scroll of immolation {unknown}
 p - a scroll of random uselessness {unknown}
 u - a scroll of remove curse {unknown}
Potions
 n - 2 potions of haste {unknown}
 s - a potion of berserk rage {unknown}
 v - a potion of agility {unknown}
Comestibles
 f - 5 rations


   Skills:
 + Level 1.2 Fighting
 + Level 1.2 Short Blades
 + Level 1.2 Long Blades
 + Level 1.2 Axes
 + Level 1.2 Maces & Flails
 + Level 1.2 Polearms
 + Level 1.2 Staves
 + Level 1.2 Slings
 + Level 1.2 Bows
 + Level 1.2 Crossbows
 + Level 2.8 Throwing
 + Level 1.2 Armour
 + Level 1.2 Dodging
 + Level 1.2 Stealth
 + Level 1.2 Shields
 + Level 1.2 Unarmed Combat
 + Level 5.1 Spellcasting
 + Level 1.0 Conjurations
 + Level 1.0 Hexes
 + Level 1.0 Charms
 + Level 10.3 Summonings
 + Level 1.0 Necromancy
 + Level 1.0 Translocations
 + Level 1.0 Transmutations
 + Level 1.0 Fire Magic
 + Level 1.0 Ice Magic
 + Level 1.0 Air Magic
 + Level 1.0 Earth Magic
 + Level 1.0 Poison Magic
 + Level 1.4 Invocations
 + Level 2.8 Evocations


You had 8 spell levels left.
You knew the following spells:

 Your Spells              Type           Power        Failure   Level  Hunger
a - Summon Small Mammal   Summ           ####         1%          1    None
b - Call Imp              Summ           ####....     1%          2    ##.....
c - Summon Guardian Gole  Hex/Summ       ###.....     7%          3    ###....


Dungeon Overview and Level Annotations

Branches:
Dungeon (3/15)

Altars:
Nemelex Xobeh
Okawaru


Innate Abilities, Weirdness & Mutations

Your experience applies equally to all skills.
You have very sharp teeth.
Your uncanny sense of smell can sniff out nearby items.


Message History

You are too injured to fight recklessly!
You are too injured to fight recklessly!
You are too injured to fight recklessly!
You are too injured to fight recklessly!
You are too injured to fight recklessly!
Casting: Summon Guardian Golem (safe; 7% risk of failure)
Confirm with . or Enter, or press ? or * to list all spells.
A guardian golem appears, shielding your allies.
The iguana closely misses you.
You are feeling hungry.
The iguana closely misses you. The iguana completely misses you.
You closely miss the iguana.
The iguana is severely wounded.
The iguana bites you!
* * * LOW HITPOINT WARNING * * *
You barely miss the iguana.
The iguana is severely wounded.
The iguana bites you!
You die...

#.......####.........#
..รท........'.........+
##......####.........#
##....## ##.......##
##.### ##.....## #.#
##...## #.# ##'## #.#
#.# #.# #@### #.#
##l#.## #.# ##..88.##
#.# #.......#
##.......# #.........#
...............
#####.....##### ##...##


You could see an iguana and a friendly guardian golem.

Vanquished Creatures
  5 adders
  2 dart slugs
  6 giant cockroaches
  3 goblins
  7 hobgoblins
  3 jackals (D:3)
  6 kobolds
  9 bats
  4 frilled lizards
  8 rats
53 creatures vanquished.

Vanquished Creatures (collateral kills)
  An adder (D:2)
  An ooze (D:2)
  A worm (D:2)
  3 bats (D:2)
  A goblin (D:2)
  3 hobgoblins (D:2)
  A quokka (D:2)
  A frilled lizard (D:2)
12 creatures vanquished.

Grand Total: 65 creatures vanquished

Notes
Turn   | Place    | Note
-------+----------+-------------------------------------------
     0 | D:1      | Reached skill level 10 in Summonings
     0 | D:1      | xccam the Gnoll Wanderer began the quest for the Orb.
     0 | D:1      | xccam set off with: a potion of lignification, a +0 robe, a +0 club, a ration
     0 | D:1      | Reached XP level 1. HP: 13/13 MP: 6/6
     2 | D:1      | Learned a level 1 spell: Summon Small Mammal
   344 | D:1      | Found an iron altar of Okawaru.
   355 | D:1      | Reached XP level 2. HP: 15/19 MP: 7/7
   755 | D:1      | Learned a level 2 spell: Call Imp
  1166 | D:2      | Reached skill level 5 in Spellcasting
  1166 | D:2      | Reached XP level 3. HP: 18/25 MP: 4/9
  1208 | D:2      | Reached skill level 1 in Invocations
  1391 | D:2      | Reached skill level 1 in Fighting
  1391 | D:2      | Reached skill level 1 in Short Blades
  1391 | D:2      | Reached skill level 1 in Long Blades
  1391 | D:2      | Reached skill level 1 in Axes
  1391 | D:2      | Reached skill level 1 in Maces & Flails
  1391 | D:2      | Reached skill level 1 in Polearms
  1391 | D:2      | Reached skill level 1 in Staves
  1391 | D:2      | Reached skill level 1 in Slings
  1391 | D:2      | Reached skill level 1 in Bows
  1391 | D:2      | Reached skill level 1 in Crossbows
  1391 | D:2      | Reached skill level 1 in Armour
  1391 | D:2      | Reached skill level 1 in Dodging
  1391 | D:2      | Reached skill level 1 in Stealth
  1391 | D:2      | Reached skill level 1 in Shields
  1391 | D:2      | Reached skill level 1 in Unarmed Combat
  1453 | D:2      | Reached XP level 4. HP: 31/32 MP: 11/11
  1458 | D:2      | Learned a level 3 spell: Summon Guardian Golem
  1969 | D:3      | Reached skill level 1 in Conjurations
  1969 | D:3      | Reached skill level 1 in Hexes
  1969 | D:3      | Reached skill level 1 in Charms
  1969 | D:3      | Reached skill level 1 in Necromancy
  1969 | D:3      | Reached skill level 1 in Translocations
  1969 | D:3      | Reached skill level 1 in Transmutations
  1969 | D:3      | Reached skill level 1 in Fire Magic
  1969 | D:3      | Reached skill level 1 in Ice Magic
  1969 | D:3      | Reached skill level 1 in Air Magic
  1969 | D:3      | Reached skill level 1 in Earth Magic
  1969 | D:3      | Reached skill level 1 in Poison Magic
  2293 | D:3      | Reached XP level 5. HP: 37/37 MP: 12/12
  2351 | D:3      | Found a sparkling altar of Nemelex Xobeh.
  2419 | D:3      | Slain by an iguana

Vault maps used:
D:1:      scummos_arrival_checkerplants, okawaru_ov_weapons_minmay
D:3:      nemelex_spade_bored_becter

Skill      XL: |  1  2  3  4 |
---------------+-------------+-----
Summonings     | | 10.3
Spellcasting   | 5 |  5.1
Invocations    | 1 |  1.4
Fighting       | 1 |  1.2
Short Blades   | 1 |  1.2
Long Blades    | 1 |  1.2
Axes           | 1 |  1.2
Maces & Flails | 1 |  1.2
Polearms       | 1 |  1.2
Staves         | 1 |  1.2
Slings         | 1 |  1.2
Bows           | 1 |  1.2
Crossbows      | 1 |  1.2
Armour         | 1 |  1.2
Dodging        | 1 |  1.2
Stealth        | 1 |  1.2
Shields        | 1 |  1.2
Unarmed Combat | 1 |  1.2
Conjurations   | 1 |  1.0
Hexes          | 1 |  1.0
Charms         | 1 |  1.0
Necromancy     | 1 |  1.0
Translocations | 1 |  1.0
Transmutations | 1 |  1.0
Fire Magic     | 1 |  1.0
Ice Magic      | 1 |  1.0
Air Magic      | 1 |  1.0
Earth Magic    | 1 |  1.0
Poison Magic   | 1 |  1.0
Throwing       | |  2.8
Evocations     | |  2.8

Action                   |  1- 3 |  4- 6 || total
-------------------------+-------+-------++-------
Melee: Club              |    27 |       ||    27
       Bite              |     8 |    12 ||    20
       Hand axe          |    83 |   109 ||   192
 Cast: Summon Small Mamm |     3 |       ||     3
       Call Imp          |     5 |       ||     5
       Summon Guardian G |       |     2 ||     2
  Use: Potion            |     1 |       ||     1
 Stab: Sleeping          |     1 |     7 ||     8
  Eat: Chunk             |     2 |     3 ||     5
Armor: Robe              |    42 |    34 ||    76
       Skin              |    16 |       ||    16
Dodge: Dodged            |    76 |    78 ||   154
Block: Buckler           |       |    19 ||    19

Table legend:
 A = Spawn XP
 B = Non-spawn XP
 C = Spawn XP percentage of total XP
 D = Spawn monster count
 E = Non-spawn monster count
 F = Spawn count percentage of total count
 G = Total turns spent on level
                    A         B        C        D         E        F      G
               +---------+---------+-------+---------+---------+-------+---------
         Total |       0 |     165 |   0.0 |       0 |      65 |   0.0 |  2419
               +---------+---------+-------+---------+---------+-------+---------
           D:1 |       0 |      29 |   0.0 |       0 |      17 |   0.0 |  1153
           D:2 |       0 |      90 |   0.0 |       0 |      32 |   0.0 |   753
           D:3 |       0 |      46 |   0.0 |       0 |      16 |   0.0 |   513
               +---------+---------+-------+---------+---------+-------+---------
